AoeStats
← gazza17

Mountain Pass

517785879Analyzed
4v4 RM · 16d ago on Oct 31, 2026· 51m 16s· 8 players
Game mode
Random Map
Map size
Large (8 player)
Population
200
Speed
Normal
Resources
Standard
Victory
Conquest
Starting age
Dark Age
Ending age
Imperial Age
RankedLock teamsTeams togetherTeam positionsShared explorationLock speedFull tech treeHidden civsTurbo modeCheats
Victory
Defeat
🇹🇷 Huns · Türkiye
1027
+11
🇲🇽 Inca · Mexico
962
+13
🇬🇧 Shu · United Kingdom
953
+14
🇧🇷 Persians · Brazil
918
+15
vs
🇹🇷 Turks · Türkiye
976
-16
🇹🇷 Bohemians · Türkiye
920
-14
🇹🇷 Saracens · Türkiye
868
-12
🇹🇷 Britons · Türkiye
856
-11
gazza17
6:33 Loom
16:18 Feudal Age
19:27 Fletching
19:38 Padded Archer Armor
20:20 Stone Mining
21:03 Horse Collar
21:11 Double-Bit Axe
24:44 Castle Age
25:45 Bodkin Arrow
26:05 Leather Archer Armor
25:14 Crossbowman
29:59 Gold Mining
30:41 Bow Saw
30:59 Heated Shot
33:26 Wheelbarrow
43:16 Heavy Plow
43:54 Hand Cart
51:17 Imperial Age
bortolotte
4:01 Loom
13:12 Feudal Age
13:37 Double-Bit Axe
19:01 Bloodlines
20:42 Wheelbarrow
24:14 Castle Age
22:12 Horse Collar
22:45 Gold Mining
24:42 Forging
25:07 Bow Saw
25:01 Heavy Plow
25:34 Scale Barding Armor
27:46 Iron Casting
28:33 Chain Barding Armor
30:11 Husbandry
30:42 Elite Skirmisher
38:36 Hand Cart
38:06 Town Watch
38:25 Stone Mining
41:47 Imperial Age
39:12 Fletching
39:23 Padded Archer Armor
41:37 Bodkin Arrow
43:08 Blast Furnace
41:31 Cavalier
44:12 Kamandaran
44:39 Savar
45:13 Crossbowman
45:59 Thumb Ring
46:17 Leather Archer Armor
47:40 Town Patrol
50:04 Ring Archer Armor
50:12 Plate Barding Armor
49:16 Capped Ram
Rompe--Anos
3:57 Loom
19:31 Feudal Age
24:06 Castle Age
23:08 Champi Runner
26:10 Champi Warrior
35:33 Squires
35:38 Scale Mail Armor
43:12 Imperial Age
48:54 Chemistry
48:15 Ballistics
48:27 Double-Bit Axe
48:23 Horse Collar
51:13 Onager
TidierCast1585
3:31 Loom
14:15 Feudal Age
19:13 Castle Age
17:20 Double-Bit Axe
17:24 Horse Collar
21:00 Bow Saw
21:29 Wheelbarrow
27:50 Scale Barding Armor
29:13 Forging
30:30 Bloodlines
31:03 Chain Barding Armor
31:28 Husbandry
33:27 Gold Mining
33:43 Heavy Plow
34:09 Hand Cart
42:03 Imperial Age
41:25 Marauders
41:20 Town Watch
42:49 Iron Casting
42:16 Elite Tarkan
46:38 Conscription
46:51 Atheism
48:36 Guilds
49:48 Plate Barding Armor
fbaha
3:19 Loom
15:57 Feudal Age
16:23 Double-Bit Axe
16:19 Horse Collar
18:10 Wheelbarrow
19:49 Gold Mining
19:49 Stone Mining
27:07 Castle Age
28:02 Heavy Plow
28:16 Bow Saw
28:31 Hand Cart
34:06 Husbandry
34:55 Scale Barding Armor
34:50 Scale Mail Armor
35:00 Forging
36:24 Chain Mail Armor
37:32 Town Watch
38:28 Murder Holes
38:53 Ballistics
40:01 Chain Barding Armor
40:16 Iron Casting
47:25 Imperial Age
48:34 Conscription
47:35 Elite Mameluke
50:23 Plate Barding Armor
50:18 Plate Mail Armor
50:48 Blast Furnace
kerems
3:29 Loom
21:00 Feudal Age
35:05 Castle Age
33:52 Double-Bit Axe
33:49 Horse Collar
34:17 Stone Mining
38:53 Castle Age
37:30 Gold Mining
aDiGe
4:33 Loom
18:33 Feudal Age
22:23 Double-Bit Axe
23:41 Arson
29:12 Forging
28:53 Fletching
31:10 Castle Age
31:38 Crossbowman
32:42 Bow Saw
32:42 Bodkin Arrow
32:48 Padded Archer Armor
42:46 Imperial Age
44:32 Conscription
mustafayesiltepee
4:15 Loom
19:30 Feudal Age
20:46 Wheelbarrow
20:00 Double-Bit Axe
19:59 Horse Collar
24:33 Castle Age
23:36 Stone Mining
23:38 Gold Mining
24:54 Scale Mail Armor
25:04 Forging
25:04 Arson
33:20 Imperial Age
31:28 Bow Saw
31:31 Heavy Plow
41:11 Hand Cart
40:42 Town Watch
44:29 Two-Man Saw
48:46 Sipahi
49:20 Sipahi
48:32 Sappers
49:37 Hoardings
50:21 Conscription
Connection lost

Rejoining the realm…

Still unreachable

The connection could not be restored.

Session expired

The server has moved on; the page needs a fresh start.